 Dungeon Crawl Stone Soup version 0.26.0-10-g1f06aea511 (console) character file.

Game seed: 13801807883087211719

43 doot the Grave Robber (level 3, 0/19 HPs)
             Began as a Deep Elf Necromancer on Feb 8, 2021.
             Slain by a jackal (3 damage)
             ... on level 2 of the Dungeon.
             The game lasted 00:01:54 (2134 turns).

doot the Grave Robber (Deep Elf Necromancer)        Turns: 2134, Time: 00:01:54

Health: 0/19       AC:  2    Str:  5    XL:     3   Next: 37%
Magic:  4/10       EV: 13    Int: 20    God:
Gold:   85         SH:  0    Dex: 15    Spells: 9/10 levels left

rFire    . . .     SeeInvis .   f - +0 dagger
rCold    . . .     Faith    .   (no shield)
rNeg     . . .     Spirit   .   a - +0 robe
rPois    .         Reflect  .   (no helmet)
rElec    .         Harm     .   (no cloak)
rCorr    .         Rampage  .   (no gloves)
Will     .....                  (no boots)
Stlth    ++........             (no amulet)
HPRegen  0.06/turn              (no ring)
MPRegen  0.12/turn              (no ring)

@: no status effects
A: no striking features
a: no special abilities


You were on level 2 of the Dungeon.
You visited 1 branch of the dungeon, and saw 2 of its levels.

You collected 85 gold pieces.

Inventory:

Hand Weapons
 f - a +0 dagger (weapon)
Armour
 a - a +0 robe (worn)
Scrolls
 b - a scroll of teleportation {unknown}
 g - 2 scrolls of identify {unknown}
 h - a scroll of random uselessness {unknown}
 m - a scroll of fear {unknown}
Potions
 c - a potion of heal wounds {unknown}
 d - a potion of flight {unknown}
 e - a potion of mutation {unknown}
 i - a potion of attraction {unknown}
 j - a potion of ambrosia {unknown}
 k - a potion of haste {unknown}
 l - a potion of cancellation {unknown}
 n - a potion of lignification {unknown}


   Skills:
 + Level 2.5 Dodging
 + Level 2.5 Stealth
 * Level 4.1 Spellcasting
 * Level 5.6 Necromancy


You had 9 spell levels left.
You knew the following spells:

 Your Spells              Type           Power        Failure   Level
a - Pain                  Necr           100%         1%          1

Your spell library contained the following spells:

 Spells                   Type           Power        Failure   Level
 Animate Skeleton         Necr           52%          1%          1
 Vampiric Draining        Necr           13%          3%          3
 Animate Dead             Necr           13%          12%         4
 Agony                    Necr           26%          34%         5


Dungeon Overview and Level Annotations

Branches:
Dungeon (2/15)

Altars:
Uskayaw


Message History

The jackal bites you but does no damage.
Casting: Pain (safe; 1% risk of failure)
Confirm with . or Enter, or press ? or * to list all spells.
Aiming: Pain (safe; 1% risk of failure)
Press: ? - help, Shift-Dir - straight line, f/p - jackal
Aim: a jackal (heavily wounded, chance to affect: 93%)
The jackal writhes in agony.
The jackal misses you. The jackal bites you.
* * * LOW HITPOINT WARNING * * *
The jackal barely misses you.
Casting: Pain (safe; 1% risk of failure)
Confirm with . or Enter, or press ? or * to list all spells.
Aiming: Pain (safe; 1% risk of failure)
Press: ? - help, Shift-Dir - straight line, f/p - jackal
Aim: a jackal (severely wounded, chance to affect: 93%)
The jackal writhes in agony.
You kill the jackal!
A nearby plant withers and dies.
The jackal bites you.
* * * LOW HITPOINT WARNING * * *
The jackal bites you.
You die...

...............#
...............#
..........†....########
......................#
.....................#
.........†..........#
...................#
..#######.........#
#.## #.........# ...
##.........#
#.###...@####### .
#...#.♣.h### ...
#..)♣♣h..#
..#..###.P.♣♣P..#
.........P♣♣....#
#S..#PP.P♣♣.PP..# .
..hPP♣♣♣P♣..†.# .h..bh.
♣♣......# ....#..
..........♣ .......
#...####..♣ #.....#
#### #..


You could see 2 jackals.

Vanquished Creatures
  A worm (D:2)
  2 dart slugs (D:1)
  A leopard gecko (D:1)
  2 giant cockroaches (D:2)
  8 goblins
  5 hobgoblins
  A jackal (D:2)
  A quokka (D:2)
  A ball python (D:1)
  7 bats
  2 rats (D:1)
31 creatures vanquished.

Vanquished Creatures (others)
  5 plants (D:2)
5 creatures vanquished.

Grand Total: 36 creatures vanquished

Notes
Turn   | Place    | Note
-------+----------+-------------------------------------------
     0 | D:1      | doot the Deep Elf Necromancer began the quest for the Orb.
     0 | D:1      | Reached XP level 1. HP: 10/10 MP: 6/6
   118 | D:1      | Reached skill level 5 in Necromancy
   543 | D:1      | Reached XP level 2. HP: 9/15 MP: 2/8
  1448 | D:1      | Reached XP level 3. HP: 18/19 MP: 8/10
  1872 | D:2      | Found a hide-covered altar of Uskayaw.
  2134 | D:2      | Slain by a jackal

Illustrated notes

Levels and vault maps discovered:
D:1:      heliophobic_arrival_glass_houses, layout_basic
D:2:      layout_rooms, general_overflow_altar, serial_forest,
          infiniplex_forest_straight_4, infiniplex_forest_lined_corner,
          infiniplex_forest_corner_1, infiniplex_forest_clump_curved,
          infiniplex_forest_straight_3, infiniplex_forest_clump_tiny,
          infiniplex_forest_lined_room_3, infiniplex_forest_zigzag_1,
          infiniplex_forest_lined_corner, chequers_serial_rivers_micro_b

Skill      XL: |  1  2  3 |
---------------+----------+-----
Necromancy     | 5 |  5.6
Spellcasting   | 4 |  4.1
Dodging        | |  2.5
Stealth        | |  2.5

Action                   || total
-------------------------++-------
Melee: Dagger            ||     4
 Cast: Pain              ||    57
Armor: Robe              ||     3
Dodge: Dodged            ||    11
